Unix NetHack Version 5.0.0-0 post-release - last build Jul 19 2026 19:10:59 (3aa4ab31751d3886436d94b585a96704892fd477,branch:main).

Game began 2026-07-23 10:37:40, ended 2026-07-24 10:42:40.

Bowen347, lawful female dwarven Valkyrie

       ----------
       |........|       ---------------------------------
       |.......<.#######-...............................|
       |........|      #|.----....-----.----|--..-----..|
       -----.----      #|.|..|---.|...|.-..|..|..|(((|..|
            #          #|.|..|..|.|._.|.|..|..|..|(((|..|
            #          #|.-|-|..|.|...|.--------.|...|..|
        #####          #|....|..|.|..%-....-.//|.--|--..|##
      --.--            #|.{..--|-.----|....|.[.|.....e@.-#
      |...|            #|..........|  ||--.-----..-----d|#
      |...|     #      #|....-|--..-..|..|........-.%(|.|#
      |...-######      #|.-|-|..|.----|..||---....|.!!|.|#
      |...|            #|.|..|..|.-.%*|--|...|---.-----.|#
      |...|            #|.|..|---.|.%)|..|(((|..-.......|#
      -----            #|.|..|....|)*?|..|)((|..|.......|#
                       #|.----....------|--------.....{.|
                       #|...............................|
                       #---------------------------------

Bowen347 the Fighter        St:15 Dx:12 Co:20 In:8 Wi:9 Ch:10  Lawful
Dlvl:6  $:0  HP:0(71) Pw:6(6) AC:3  Xp:6 T:5817  Weak    

Latest messages:
 You are beginning to feel hungry.
 You hear a jackal howling at the moon.
 The coyote bites!
 The coyote bites!
 The coyote bites!
 You hear an animal carcass being offered in sacrifice.
 The coyote bites!
 The coyote just misses!
 You hear someone praising Tyr.
 The coyote bites!
 The coyote bites!
 The coyote bites!
 The coyote bites!
 You hear a jackal howling at the moon.
 The coyote just misses!
 The werejackal changes into a human.
 The werejackal drinks a magenta potion!
 The werejackal is suddenly moving faster.
 The coyote bites!
 The coyote misses!
 The coyote bites!
 The coyote bites!
 The coyote bites!
 The coyote misses!
 The coyote bites!
 The coyote bites!
 The coyote bites!
 The coyote just misses!
 The coyote bites!
 The coyote bites!
 The coyote bites!
 The coyote misses!
 The coyote bites!
 The coyote bites!
 The coyote misses!
 The coyote bites!
 The coyote bites!
 The coyote bites!
 The coyote bites!
 The werejackal changes into a jackal.
 Valkyrie needs food, badly!
 The coyote bites!
 The coyote bites!
 The coyote bites!
 You die...
 Do you want your possessions identified? [ynq] (y) n
 Do you want to see your attributes? [ynq] (y) n
 Do you want an account of creatures vanquished? [ynaq] (y) n
 Do you want to see your conduct and achievements? [ynq] (y) n
 Do you want to see the dungeon overview? [ynq] (y) n

Inventory:
 Weapons  (')')
  Y - a poisoned +0 orcish arrow
  C - a +0 dart
 Armor    ('[')
  S - a blessed +1 pair of leather gloves (being worn)
  l - an uncursed +0 pair of elven boots (being worn)
  c - an uncursed +3 small shield (being worn)
 Comestibles  ('%')
  x - 2 uncursed homemade tins of rothe meat
 Scrolls  ('?')
  L - an uncursed scroll of create monster
  r - an uncursed scroll of destroy armor
  v - an uncursed scroll of earth
  f - an uncursed scroll of enchant armor
  g - a cursed scroll of gold detection
 Potions  ('!')
  Z - an uncursed potion of blindness
  F - an uncursed potion of confusion
  e - an uncursed potion of enlightenment
  y - an uncursed potion of gain ability
  i - 2 uncursed potions of gain energy (at the ready)
  H - an uncursed potion of hallucination
  W - a potion of holy water
 Rings    ('=')
  o - an uncursed -2 ring of increase damage (on left hand)
  n - an uncursed ring of levitation
 Wands    ('/')
  h - a wand of sleep (0:4)
 Tools    ('(')
  E - an uncursed figurine of a long worm
  U - an uncursed magic whistle
  s - an uncursed skeleton key
  Q - 2 uncursed tallow candles
  R - an uncursed tin opener
  A - a tinning kit (0:59)
 Gems/Stones  ('*')
  V - an uncursed black opal
  J - 3 uncursed garnet stones
  j - 3 uncursed jade stones
  p - 4 uncursed worthless pieces of black glass
  G - 2 uncursed worthless pieces of red glass
  O - an uncursed worthless piece of yellowish brown glass

Bowen347 the Valkyrie's attributes:

Background:
 You were a Fighter, a level 6 dwarven Valkyrie.
 You were lawful, on a mission for Tyr
 who was opposed by Odin (neutral) and Loki (chaotic).
 You were right-handed.
 You were in the Gnomish Mines, on level 6.
 You entered the dungeon 5817 turns ago.
 You had 486 experience points, 154 more were needed to attain level 7.

Basics:
 You had 0 out of 71 hit points.
 You had all 6 energy points (spell power).
 Your armor class was 3.
 Your wallet was empty.
 Autopickup was off.

Final Characteristics:
 Your strength was 15 (base:16, limit:18/100).
 Your dexterity was 12 (limit:20).
 Your constitution was 20 (limit:20).
 Your intelligence was 8 (limit:16).
 Your wisdom was 9 (limit:16).
 Your charisma was 10 (limit:16).

Final Status:
 You were weak from severe hunger.
 You were unencumbered.
 You were empty handed.
 You were unskilled in bare handed combat.

Final Attributes:
 You were piously aligned.
 You were cold resistant.
 You were poison resistant.
 You were telepathic.
 You had infravision.
 You were stealthy.
 You had a small damage penalty (-2).
 You are dead.

Miscellaneous:
 You didn't encounter any bones levels.
 Total elapsed playing time was 6 hours, 48 minutes and 36 seconds.

Major events:
 Turn
    1: Bowen347 the lawful dwarven Valkyrie entered the dungeon
  917: entered the Gnomish Mines
 1368: attained the rank of Skirmisher (level 3)
 3454: reached Mine Town
 4484: attained the rank of Fighter (level 6)
 5817: killed by a coyote, while frozen by a floating eye's gaze

You didn't know any spells.

Skills:
 Fighting Skills
   bare handed combat [Unskilled]
   two weapon combat  [Unskilled]
   riding             [Unskilled]
 Weapon Skills
   dagger             [Basic]
   axe                [Unskilled]
   pick-axe           [Unskilled]
   short sword        [Unskilled]
   broadsword         [Unskilled]
   long sword         [Unskilled]
   two-handed sword   [Unskilled]
   saber              [Unskilled]
   hammer             [Unskilled]
   quarterstaff       [Unskilled]
   polearms           [Unskilled]
   spear              [Skilled]
   trident            [Unskilled]
   lance              [Unskilled]
   sling              [Unskilled]
 Spellcasting Skills
   attack spells      [Unskilled]
   escape spells      [Unskilled]

Voluntary challenges:
 Character rerolling was not enabled.
 You never genocided any monsters.
 You never polymorphed an object.
 You used no wishes.
Achievements:
 You entered the Gnomish Mines.
 You attained the rank of Skirmisher.
 You entered Minetown.
 You entered a shop.
 You entered a temple.
 You attained the rank of Fighter.

 The Dungeons of Doom: levels 1 to 2
    Level 1:
       A grave.
    Level 2:
       A sink.
       Stairs down to The Gnomish Mines.
 The Gnomish Mines: levels 3 to 6
    Level 3:
    Level 4:
    Level 5:
    Level 6: <- You were here.
       Many shops, a temple and an altar to Tyr, some fountains.
       Final resting place for
          you, killed by a coyote, while frozen by a floating eye's gaze.


Vanquished creatures:
  a small mimic
  a leprechaun
  2 blue jellies
  2 Uruk-hai
  a pony
  2 yellow lights
  a shrieker
  a gray ooze
 an elf zombie
  a straw golem
  a giant ant
  2 floating eyes
  a kitten
  a kobold leader
  4 rothes
  a rabid rat
  a giant bat
  3 werejackals
  2 acid blobs
  a coyote
  2 gas spores
  2 large kobolds
  2 hobgoblins
  a giant rat
  4 cave spiders
  a brown mold
  5 gnomes
 12 garter snakes
  6 geckos
  6 jackals
  2 foxes
  2 goblins
  6 sewer rats
  5 grid bugs
  2 lichens
  4 kobold zombies
  2 newts
94 creatures vanquished.

No species were genocided or became extinct.

Game over:
                       ----------
                      /          \
                     /    REST    \
                    /      IN      \
                   /     PEACE      \
                  /                  \
                  |     Bowen347     |
                  |       0 Au       |
                  |   killed by a    |
                  |      coyote      |
                  |                  |
                  |                  |
                  |       2026       |
                 *|     *  *  *      | *
        _________)/\\_//(\/(/\)/\//\/|_)_______

Farvel Bowen347 the Valkyrie...

You died in The Gnomish Mines on dungeon level 6 with 2194 points,
and 0 pieces of gold, after 5817 moves.
You were level 6 with a maximum of 71 hit points when you died.

